Map: Frozen Temple

Players

Miszu - Winner!

  • Race: Terran Terran
  • League: Master

ConQueR

  • Race: Terran Terran
  • League: Master

VOD

Have the link to the VOD?

Description

Time

  • Played on: June 26, 2016, 10:41 a.m.
  • Length: 9:46
Show
View Real Time Build Order
Export as new Build Order

Miszu Terran - Winner!

Build Orders: 1/1/1, Banshee Rush 

Get SALT Encoding   

  12  0:01  SCV  
  13  0:13  SCV  
  14  0:18  Supply Depot  
  14  0:25  SCV  
  15  0:29  Refinery  
  15  0:39  SCV  
  16  0:45  Barracks  
  16  0:52  SCV  
  16  0:56  Refinery  
  17  1:04  SCV  
  18  1:16  SCV  
  19  1:29  SCV  
  20  1:33  Factory  
  20  1:34  Reaper  
  21  1:43  Orbital Command  
  21  2:00  Supply Depot  
  21  2:07  Reaper  
  22  2:09  SCV  
  23  2:17  Starport  
  23  2:22  Hellion  
  25  2:23  SCV  
  26  2:30  Supply Depot  
  26  2:35  SCV  
  27  2:39  Reaper  
  27  2:43  Hellion  
  30  2:53  Medivac  
  30  2:56  Supply Depot  
  32  3:11  Hellion  
  34  3:13  Barracks Tech Lab  
  34  3:15  SCV  
  35  3:31  Command Center  
  35  3:41  Barracks Reactor, Cloaking Field, SCV  
  36  3:43  Banshee  
  39  3:53  Factory Tech Lab  
  39  3:54  SCV  
  37  4:22  Barracks  
  37  4:23  Barracks  
  35  4:25  SCV  
  35  4:30  Siege Tank, Banshee  
  41  4:38  SCV  
  42  4:41  Engineering Bay  
  42  4:51  Marine x2  
  42  4:52  SCV  
  46  4:55  SCV  
  46  5:04  SCV  
  47  5:08  Cyclone  
  52  5:17  Barracks Tech Lab  
  52  5:19  Barracks Tech Lab, Missile Turret  
  52  5:20  Missile Turret  
  52  5:21  Orbital Command  
  51  5:27  Viking  
  53  5:32  SCV  
  53  5:42  Liberator  
  50  5:44  SCV  
  44  5:56  Marine x2, SCV  
  41  6:01  Marine x2  
  41  6:04  Stimpack, SCV  
  47  6:09  SCV  
  48  6:16  SCV  
  49  6:20  Siege Tank  
  49  6:21  SCV  
  53  6:28  Supply Depot, Refinery, SCV  
  53  6:29  Barracks Reactor  
  54  6:34  SCV  
  55  6:40  SCV  
  53  6:56  SCV x2  
  53  6:57  Barracks  
  53  6:59  Barracks  
  55  7:05  Marine x4  
  55  7:08  SCV x2  
  61  7:18  Siege Tank  
  61  7:20  SCV x2  
  66  7:23  Marine  
  66  7:24  Supply Depot  
  66  7:25  Supply Depot, Refinery  
  61  7:38  Marine  
  61  7:49  Marine x3  
  61  7:54  Marine x2  
  61  7:55  Medivac x2  
  61  7:56  Marine  
  65  7:59  Siege Tank  
  65  8:00  SCV x2  
  70  8:06  Marine  
  70  8:07  Barracks Reactor  
  70  8:08  Barracks Reactor  
  70  8:12  SCV  
  72  8:18  SCV  
  73  8:21  Marine  
  73  8:22  Marine x2  
  73  8:24  SCV  
  73  8:26  Supply Depot  
  77  8:31  Siege Tank  
  80  8:39  Marine  
  80  8:40  Marine x3  
  84  8:45  Marine x2  
  84  8:47  Marine x2  
  84  8:48  Medivac  
  90  8:54  Medivac  
  92  8:57  Supply Depot, Marine  
  92  8:58  Marine  
  92  8:59  Marine x2  
  90  9:17  Marine x4  
  90  9:18  Marine x2  
  94  9:26  Barracks Tech Lab x2  
Show
View Real Time Build Order
Export as new Build Order

ConQueR Terran 

Build Orders:  

Get SALT Encoding   

  12  0:00  SCV  
  13  0:12  SCV  
  14  0:18  Supply Depot  
  14  0:24  SCV  
  15  0:39  SCV  
  15  0:41  Barracks  
  16  0:46  Refinery  
  16  0:52  SCV  
  17  1:04  SCV  
  18  1:16  SCV  
  19  1:28  Orbital Command  
  19  1:44  Command Center  
  19  1:50  Factory  
  19  1:54  SCV  
  20  2:01  Refinery  
  20  2:08  Supply Depot  
  20  2:11  Reaper  
  20  2:15  SCV  
  22  2:27  SCV  
  23  2:34  Hellion  
  23  2:35  Starport  
  25  2:47  Barracks Reactor  
  25  2:48  SCV  
  25  2:50  Supply Depot  
  26  2:55  Hellion  
  27  3:00  Orbital Command  
  27  3:11  Medivac  
  29  3:18  Hellion  
  31  3:24  Reaper x2  
  33  3:31  Engineering Bay  
  33  3:36  Orbital Command  
  33  3:41  Starport Tech Lab  
  33  3:51  Hellion  
  35  3:56  Reaper x2  
  37  4:03  Banshee  
  37  4:05  Barracks  
  37  4:06  Barracks  
  28  4:26  SCV x2  
  28  4:38  Cloaking Field  
  28  4:40  Marine x2, Hellion  
  28  4:43  SCV x2  
  34  4:53  Barracks Tech Lab x2  
  34  4:55  SCV x2  
  36  5:05  Missile Turret  
  36  5:08  Marine x2  
  34  5:18  Marine  
  34  5:19  Marine  
  34  5:20  SCV  
  34  5:21  SCV  
  38  5:25  Viking, Marine  
  33  5:43  SCV  
  33  5:44  SCV  
  32  5:56  SCV x2  
  32  6:08  SCV x2  
  34  6:18  Raven  
  34  6:20  SCV x2  
  38  6:52  Factory Tech Lab  
  38  6:53  SCV x2  
  37  6:55  Marine x3, Stimpack  
  37  6:56  Marine  
  37  6:58  Missile Turret  
  41  7:13  Refinery, SCV x2  
  43  7:16  Starport Reactor  
  41  7:39  SCV x2  
  36  7:49  Marine x2  
  36  7:50  Marine x2  
  36  7:51  SCV x2  
  41  7:59  Medivac x2  
  41  8:03  SCV x2  
  47  8:07  Marine x3  
  47  8:10  Siege Tank  
  47  8:11  Command Center  
  53  8:15  SCV  
  53  8:19  Barracks  
  54  8:21  Supply Depot x2  
  54  8:42  Marine x3, Refinery, SCV x2  
  54  8:45  Missile Turret  
  59  8:55  SCV  
  60  8:59  Marine  
  60  9:00  Marine x3  
  60  9:02  SCV  
  65  9:07  SCV  
  66  9:14  SCV  
  59  9:17  Marine  
  59  9:18  Marine  
  59  9:19  SCV  
  59  9:23  Marine x2  
  60  9:34  SCV  
Tags
 
Matchup
TvT
Opening
1/1/1
Player
Miszu
Race
Terran
Strategy
Banshee Rush
Add a new tag
Caveats
  • Supply blocks, unpowered buildings, or Contaminate may cause inaccurate times.
  • Supply counts are checked every 10 seconds.